 Dungeon Crawl Stone Soup version 0.26-a0-597-gb535b0901c (webtiles) character file.

Game seed: 7989557899285140796

181 Cokeysmoke the Chopper (level 5, 0/47 HPs)
             Began as a Gnoll Wanderer on Sept 13, 2020.
             Slain by a gnoll
             ... wielding a +1 flail of protection
              (9 damage)
             ... on level 4 of the Dungeon.
             The game lasted 00:05:29 (2465 turns).

Cokeysmoke the Chopper (Gnoll Wanderer)             Turns: 2465, Time: 00:05:29

Health: 0/47       AC:  7    Str: 18    XL:     5   Next: 61%
Magic:  6/7        EV:  6    Int: 11    God:
Gold:   198        SH:  0    Dex: 15    Spells: 7/7 levels left

rFire    x . .     SeeInvis .   p - +3 war axe
rCold    + . .     Faith    .   (no shield)
rNeg     . . .     Spirit   .   c - +0 ring mail
rPois    .         Reflect  .   (no helmet)
rElec    .         Harm     .   v - +0 cloak
rCorr    .                      (no gloves)
MR       .....                  h - +0 pair of boots
Stlth    +.........             (no amulet)
HPRegen  0.15/turn              f - ring of ice
MPRegen  0.10/turn              (no ring)

@: mighty, held
A: distributed training, fangs 1, strong nose
a: no special abilities


You were on level 4 of the Dungeon.
You visited 1 branch of the dungeon, and saw 4 of its levels.

You collected 198 gold pieces.

Inventory:

Hand Weapons
 a - a +2 hand axe
 n - a +0 hunting sling
 p - a +3 war axe (weapon)
 r - a +2 flail of protection
Missiles
 m - 25 bolts
 w - 16 sling bullets (quivered)
Armour
 c - a +0 ring mail (worn)
 h - a +0 pair of boots (worn)
 i - a +0 leather armour of poison resistance
 v - a +0 cloak (worn)
Magical Staves
 o - an uncursed staff of fire
Jewellery
 f - a ring of ice (left hand)
Scrolls
 d - 4 scrolls of remove curse
 e - 4 scrolls of teleportation
 l - a scroll of enchant weapon
 q - a scroll of blinking
 s - a scroll of fog {unknown}
Potions
 b - 2 potions of curing
 g - a potion of might
 j - 2 potions of degeneration {unknown}
 k - a potion of resistance {unknown}
 t - 2 potions of haste {unknown}
 u - a potion of invisibility {unknown}
 x - a potion of cancellation {unknown}


   Skills:
 + Level 6.7 Fighting
 + Level 1.5 Short Blades
 + Level 1.5 Long Blades
 + Level 6.7 Axes
 + Level 1.5 Maces & Flails
 + Level 1.5 Polearms
 + Level 1.5 Staves
 + Level 1.5 Slings
 + Level 1.5 Bows
 + Level 1.5 Crossbows
 + Level 3.0 Throwing
 + Level 3.0 Armour
 + Level 3.0 Dodging
 + Level 1.5 Stealth
 + Level 3.0 Shields
 + Level 1.5 Unarmed Combat
 + Level 1.5 Spellcasting
 + Level 1.2 Conjurations
 + Level 1.2 Hexes
 + Level 1.2 Summonings
 + Level 1.2 Necromancy
 + Level 1.2 Translocations
 + Level 1.2 Transmutations
 + Level 1.2 Fire Magic
 + Level 1.2 Ice Magic
 + Level 1.2 Air Magic
 + Level 1.2 Earth Magic
 + Level 1.2 Poison Magic
 + Level 1.7 Invocations
 + Level 1.5 Evocations


You had 7 spell levels left.
You didn't know any spells.
Your spell library was empty.

Dungeon Overview and Level Annotations

Branches:
Dungeon (4/15)
 Temple: D:4-7

Altars:
Uskayaw


Innate Abilities, Weirdness & Mutations

Your experience applies equally to all skills.
You have very sharp teeth.
Your uncanny sense of smell can sniff out nearby items.


Message History

You barely miss the gnoll. You bite the gnoll!
The gnoll is severely wounded.
The gnoll hits you with a +1 flail of protection.
* * * LOW HITPOINT WARNING * * *
The gnoll hits you but does no damage. x2; The gnoll barely misses you.
You feel better.
The gnoll drinks a potion.
The gnoll is healed!
The gnoll hits you from afar with a +0 spear.
* * * LOW HITPOINT WARNING * * *
The gnoll hits you but does no damage.
You hit the gnoll.
The gnoll is heavily wounded.
The gnoll closely misses you. The gnoll hits you but does no damage.
The gnoll barely misses you.
The gnoll throws a throwing net.
The throwing net hits you.
You become entangled in the net!
You see here a throwing net.
You tear a large gash into the net.
The gnoll barely misses you.
You struggle against the net.
The gnoll hits you with a +1 flail of protection!
You die...

∆ #+ #.##
#...# #.#..##
#.##..#
#..##.#
#..#@# #<#g#
#.gg##
##..(###
#.#.).##.#...
#.###......#
#.. #((......
##. .......##
#.#......#


You could see 3 gnolls.

Vanquished Creatures
  A gnoll sergeant (D:4)
  5 gnolls
  2 adders
  An ooze (D:3)
  A worm (D:2)
  A leopard gecko (D:1)
  An orc (D:3)
  3 ball pythons
  2 giant cockroaches
  9 goblins
  A hobgoblin (D:1)
  A quokka (D:2)
  5 bats
  8 kobolds
  6 rats
47 creatures vanquished.

Notes
Turn   | Place    | Note
-------+----------+-------------------------------------------
     0 | D:1      | Cokeysmoke the Gnoll Wanderer began the quest for the Orb.
     0 | D:1      | Cokeysmoke set off with the following items: a +2 hand axe,
                  | a potion of curing, a +0 ring mail
     0 | D:1      | Reached XP level 1. HP: 23/23 MP: 1/1
   337 | D:1      | Reached XP level 2. HP: 29/29 MP: 2/2
   911 | D:2      | Reached XP level 3. HP: 30/35 MP: 3/3
  1119 | D:2      | Found a hide-covered altar of Uskayaw.
  1168 | D:2      | Reached skill level 1 in Invocations
  1178 | D:2      | Reached skill level 1 in Short Blades
  1178 | D:2      | Reached skill level 1 in Long Blades
  1178 | D:2      | Reached skill level 1 in Maces & Flails
  1178 | D:2      | Reached skill level 1 in Polearms
  1178 | D:2      | Reached skill level 1 in Staves
  1178 | D:2      | Reached skill level 1 in Slings
  1178 | D:2      | Reached skill level 1 in Bows
  1178 | D:2      | Reached skill level 1 in Crossbows
  1178 | D:2      | Reached skill level 1 in Stealth
  1178 | D:2      | Reached skill level 1 in Unarmed Combat
  1178 | D:2      | Reached skill level 1 in Spellcasting
  1178 | D:2      | Reached skill level 1 in Evocations
  1178 | D:2      | Reached XP level 4. HP: 14/41 MP: 5/5
  1688 | D:3      | Found a faded altar of an unknown god.
  1734 | D:3      | Reached skill level 1 in Conjurations
  1734 | D:3      | Reached skill level 1 in Hexes
  1734 | D:3      | Reached skill level 1 in Summonings
  1734 | D:3      | Reached skill level 1 in Necromancy
  1734 | D:3      | Reached skill level 1 in Translocations
  1734 | D:3      | Reached skill level 1 in Transmutations
  1734 | D:3      | Reached skill level 1 in Fire Magic
  1734 | D:3      | Reached skill level 1 in Ice Magic
  1734 | D:3      | Reached skill level 1 in Air Magic
  1734 | D:3      | Reached skill level 1 in Earth Magic
  1734 | D:3      | Reached skill level 1 in Poison Magic
  2433 | D:4      | Noticed a gnoll sergeant
  2455 | D:4      | Killed a gnoll sergeant
  2455 | D:4      | Reached XP level 5. HP: 16/47 MP: 5/7
  2465 | D:4      | Slain by a gnoll

Illustrated notes

Levels and vault maps discovered:
D:1:      dpeg_arrival_refuge, layout_loops_ring
D:2:      layout_rooms, lemuel_altar_in_water2
D:3:      layout_basic, chequers_ecumenical_altar_simple_redux
D:4:      layout_rooms, makhleb_grotto_becter, lemuel_round_altar,
          lemuel_coloured_pillars_altar, minmay_temple_entry_statues_pillars,
          serial_shops, nicolae_shop_statue_plus

Skill      XL: |  1  2  3  4 |
---------------+-------------+-----
Invocations    | 1 |  1.7
Short Blades   | 1 |  1.5
Long Blades    | 1 |  1.5
Maces & Flails | 1 |  1.5
Polearms       | 1 |  1.5
Staves         | 1 |  1.5
Slings         | 1 |  1.5
Bows           | 1 |  1.5
Crossbows      | 1 |  1.5
Stealth        | 1 |  1.5
Unarmed Combat | 1 |  1.5
Spellcasting   | 1 |  1.5
Evocations     | 1 |  1.5
Conjurations   | 1 |  1.2
Hexes          | 1 |  1.2
Summonings     | 1 |  1.2
Necromancy     | 1 |  1.2
Translocations | 1 |  1.2
Transmutations | 1 |  1.2
Fire Magic     | 1 |  1.2
Ice Magic      | 1 |  1.2
Air Magic      | 1 |  1.2
Earth Magic    | 1 |  1.2
Poison Magic   | 1 |  1.2
Throwing       | 3 |  3.0
Armour         | 3 |  3.0
Dodging        | 3 |  3.0
Shields        | 3 |  3.0
Fighting       | |  6.7
Axes           | |  6.7

Action                   |  1- 3 |  4- 6 || total
-------------------------+-------+-------++-------
Melee: Hand axe          |    68 |       ||    68
       Bite              |    10 |     4 ||    14
       War axe           |    16 |    45 ||    61
       Punch             |       |     1 ||     1
 Fire: Hunting sling     |       |     6 ||     6
  Use: Scroll            |     1 |     5 ||     6
       Potion            |     1 |     2 ||     3
 Stab: Sleeping          |       |     1 ||     1
Armor: Ring mail         |    26 |    21 ||    47
Dodge: Dodged            |    52 |    42 ||    94

Table legend: (Time is in decaauts)
 A = Elapsed time spent in this place.
 B = Non-inter-level travel time spent in this place.
 C = Inter-level travel time spent in this place.
 D = Time resting spent in this place.
 E = Time spent auto-exploring this place.
 F = Levels seen in this place.
 G = Mean time per level.
                   A        B        C        D        E       F      G
               +--------+--------+--------+--------+--------+-----+--------+
         Total |   2470 |   2391 |     79 |    213 |   1793 |   4 |  617.5 |
       Dungeon |   2470 |   2391 |     79 |    213 |   1793 |   4 |  617.5 |
               +--------+--------+--------+--------+--------+-----+--------+

Top non-repeatable levels by time:
     D:3: 886 daAuts
     D:1: 821 daAuts
     D:2: 724 daAuts
     D:4: 38 daAuts
